[Event "ICC tourney 2941 (30 10)"]
[Site "Internet Chess Club"]
[Date "2022.06.18"]
[Round "1"]
[White "LOPEZ, FRANCISCO JAVIER:steinutz"]
[Black "BAI, JEFFREY:Jeffchess"]
[Result "1-0"]
[ICCResult "Black checkmated"]
[WhiteElo "1621"]
[BlackElo "1254"]
[Opening "Queen's pawn"]
[ECO "A40"]
[NIC "QO.17"]
[Time "12:01:28"]
[PlyCount "65"]
[TimeControl "1800+10"]

1. d4 e6 2. Bf4 d5 3. Nf3 c5 4. e3 c4 5. c3 a5 6. a4 Bd7 7. Nbd2 Nc6 8. e4
Nf6 9. e5 Nh5 10. Be3 Be7 11. g4 f5 12. gxh5 h6 13. Be2 O-O 14. Bf4 Be8 15.
Ng1 Bg5 16. Bxg5 Qxg5 17. Bf3 Ne7 18. h4 Qf4 19. Ne2 Qxf3 20. Nxf3 Bxh5 21.
Nf4 Bf7 22. h5 Kh7 23. Nh4 Rfc8 24. Rg1 Rc6 25. Kd2 Rb6 26. Kc2 Rg8 27. Rg3
Be8 28. Qg1 Bd7 29. Nhg6 Nc8 30. Nf8+ Rxf8 31. Rxg7+ Kh8 32. Qg6 Ne7 33.
Qxh6# {Black checkmated} 1-0

[Event "ICC tourney 2941 (30 10)"]
[Site "Internet Chess Club"]
[Date "2022.06.18"]
[Round "1"]
[White "Mason, Mike W:MikeWMason"]
[Black "WU, DARREN:chessboy111"]
[Result "1-0"]
[ICCResult "Black resigns"]
[WhiteElo "1555"]
[BlackElo "1173"]
[Opening "Giuoco Piano"]
[ECO "C50"]
[NIC "IG.02"]
[Time "12:01:28"]
[PlyCount "39"]
[TimeControl "1800+10"]

1. e4 e5 2. Nf3 Nc6 3. Bc4 Bc5 4. d4 Bxd4 5. Nxd4 Nxd4 6. Be3 Nc6 7. Qg4 Qf6
8. Nc3 d5 9. Qg3 dxc4 10. Nd5 Qd6 11. Qxg7 h6 12. Qxh8 Kf8 13. O-O-O Rb8 14.
Nc3 Nd4 15. Bxd4 exd4 16. Rxd4 Qf4+ 17. Kb1 Be6 18. Rhd1 Qg5 19. f4 Qe7 20.
f5 {Black resigns} 1-0

[Event "ICC tourney 2941 (30 10)"]
[Site "Internet Chess Club"]
[Date "2022.06.18"]
[Round "1"]
[White "WANG, ALAN:alanwangmd"]
[Black "SKARIAH, ANUSHKA ELIZABETH:kskariah"]
[Result "0-1"]
[ICCResult "White resigns"]
[WhiteElo "1217"]
[BlackElo "1559"]
[Opening "Queen's pawn: Chigorin variation"]
[ECO "D00"]
[NIC "QP.08"]
[Time "12:00:41"]
[PlyCount "66"]
[TimeControl "1800+10"]

1. d4 d5 2. Nc3 Nf6 3. Bf4 c6 4. e3 Bf5 5. Nf3 Nbd7 6. Bd3 Bxd3 7. Qxd3 e6
8. h4 h5 9. O-O-O Qb6 10. Rhf1 c5 11. dxc5 Nxc5 12. Qb5+ Nfd7 13. Ne5 a6 14.
Nxd7 Nxd7 15. Qa4 O-O-O 16. e4 Nc5 17. Qd4 f6 18. e5 Nd7 19. Qxb6 Nxb6 20.
exf6 gxf6 21. Rfe1 e5 22. Bg3 Bb4 23. Rd3 d4 24. a3 dxc3 25. axb4 Rxd3 26.
cxd3 cxb2+ 27. Kxb2 Rd8 28. Rc1+ Kb8 29. Kc3 Nd5+ 30. Kb3 Ne7 31. Rd1 Nf5
32. Kc3 b5 33. d4 Nxd4 {White resigns} 0-1

[Event "ICC tourney 2941 (30 10)"]
[Site "Internet Chess Club"]
[Date "2022.06.18"]
[Round "1"]
[White "HAMLETT, JAMES MORRISON:Hamlett144"]
[Black "Berkshire, Ryan Irvin:RyanBerkshireW"]
[Result "1/2-1/2"]
[ICCResult "Game drawn because neither player has mating material"]
[WhiteElo "1249"]
[BlackElo "1573"]
[Opening "Scotch: Potter variation"]
[ECO "C45"]
[NIC "SO.05"]
[Time "12:00:37"]
[PlyCount "94"]
[TimeControl "1800+10"]

1. e4 e5 2. Nf3 Nc6 3. d4 exd4 4. Nxd4 Bc5 5. Nb3 Bb6 6. Nc3 d6 7. Bb5 Bd7
8. Qe2 Nf6 9. O-O O-O 10. Be3 Re8 11. f3 Bxe3+ 12. Qxe3 d5 13. Bxc6 Bxc6 14.
Rad1 Qe7 15. Nd2 Rad8 16. Qxa7 Ra8 17. Qd4 dxe4 18. Ndxe4 Nxe4 19. Nxe4 Bxe4
20. Qxe4 Qxe4 21. fxe4 Rxa2 22. Rd7 f6 23. Rxc7 Rxb2 24. Re1 Kf8 25. Kf2 Re7
26. Rc8+ Kf7 27. Kf3 f5 28. Re2 Rb5 29. Rc4 h5 30. h4 g5 31. hxg5 fxe4+ 32.
Rexe4 Rxe4 33. Rxe4 Rxg5 34. Rb4 b5 35. c4 bxc4 36. Rxc4 Ke6 37. Re4+ Kd5
38. Rh4 Ke5 39. Re4+ Kf5 40. Rf4+ Kg6 41. Rh4 Rf5+ 42. Rf4 h4 43. Kg4 Rxf4+
44. Kxf4 Kh5 45. Kf5 h3 46. gxh3 Kh4 47. Kf4 Kxh3
{Game drawn because neither player has mating material}
1/2-1/2

[Event "ICC tourney 2941 (30 10)"]
[Site "Internet Chess Club"]
[Date "2022.06.18"]
[Round "1"]
[White "LIN, LEIA:K05-17110828"]
[Black "SIEGEL, MARC SETH:DEEEFENDER"]
[Result "0-1"]
[ICCResult "White checkmated"]
[WhiteElo "1268"]
[BlackElo "1627"]
[Opening "Ruy Lopez: Berlin defense, open variation"]
[ECO "C67"]
[NIC "RL.07"]
[Time "12:00:51"]
[PlyCount "144"]
[TimeControl "1800+10"]

1. e4 e5 2. Nf3 Nc6 3. Bb5 Nf6 4. O-O Nxe4 5. Re1 Nd6 6. Bxc6 dxc6 7. Nxe5
Be7 8. d3 O-O 9. h3 Be6 10. Nc3 a6 11. Bf4 Re8 12. Qd2 c5 13. Rad1 Nf5 14.
Ne4 f6 15. Nf3 Nd4 16. Nxd4 cxd4 17. a3 Bf7 18. Qa5 b6 19. Qa4 c5 20. c4 b5
21. cxb5 Qd7 22. Qc2 axb5 23. Nxc5 Qf5 24. Rxe7 Rxe7 25. Bd6 Ree8 26. Ne4
Rac8 27. Qd2 Bb3 28. Rb1 Rc2 29. Qb4 Bd5 30. Qxd4 Bxe4 31. dxe4 Qxe4 32.
Qxe4 Rxe4 33. Bg3 Kf7 34. b3 Rd4 35. Bb8 Rdd2 36. Ba7 Rb2 37. Rxb2 Rxb2 38.
b4 Rb1+ 39. Kh2 Rb3 40. Bc5 Rxa3 41. g3 Rb3 42. Kg2 Rc3 43. Kf1 Rxc5 44.
bxc5 h5 45. Ke2 Ke6 46. Kd3 Kd5 47. c6 Kxc6 48. Kd4 g5 49. f3 f5 50. g4 hxg4
51. hxg4 f4 52. Ke5 Kc5 53. Kf5 b4 54. Kxg5 b3 55. Kxf4 b2 56. Kf5 b1=Q+ 57.
Kf4 Qe1 58. g5 Qe6 59. Kg3 Qf5 60. f4 Kd4 61. Kf3 Qh3+ 62. Ke2 Ke4 63. g6
Kxf4 64. g7 Qg3 65. Kd2 Qxg7 66. Kd3 Ke5 67. Kc4 Qg3 68. Kc5 Qc3+ 69. Kb5
Kd6 70. Kb6 Qb4+ 71. Ka6 Kc6 72. Ka7 Qb7# {White checkmated} 0-1

[Event "ICC tourney 2941 (30 10)"]
[Site "Internet Chess Club"]
[Date "2022.06.18"]
[Round "1"]
[White "GRIFFIN, MILES NATHANIEL:Vectarious"]
[Black "MOHAMMAD, SRUSH:Bruv"]
[Result "1-0"]
[ICCResult "Black checkmated"]
[WhiteElo "1648"]
[BlackElo "1418"]
[Opening "Ruy Lopez: Wormald (Alapin) attack"]
[ECO "C77"]
[NIC "RL.12"]
[Time "12:00:49"]
[PlyCount "73"]
[TimeControl "1800+10"]

1. e4 e5 2. Nf3 Nc6 3. Bb5 a6 4. Ba4 Nf6 5. Qe2 Be7 6. c3 b5 7. Bc2 d6 8. h3
Bb7 9. O-O O-O 10. d4 exd4 11. cxd4 Re8 12. e5 Bf8 13. Bg5 Nb4 14. Bb3 Bxf3
15. Qxf3 dxe5 16. dxe5 Rxe5 17. Bxf6 gxf6 18. Rd1 Qe8 19. Nc3 Bg7 20. a3 Nc6
21. Bd5 Rxd5 22. Nxd5 Qe5 23. Rac1 Nd4 24. Ne7+ Kf8 25. Qxa8+ Kxe7 26. Re1
Ne2+ 27. Kf1 Qxb2 28. Rxe2+ Qxe2+ 29. Kxe2 f5 30. Qxa6 Kd7 31. Qxb5+ Ke6 32.
Rxc7 Kf6 33. g4 fxg4 34. hxg4 Bf8 35. Qf5+ Kg7 36. Qxf7+ Kh6 37. Qh5#
{Black checkmated}
1-0

[Event "ICC tourney 2941 (30 10)"]
[Site "Internet Chess Club"]
[Date "2022.06.18"]
[Round "1"]
[White "Dungi, Santosh:santoshroopak"]
[Black "Relan, Mihir:mihirrelan15"]
[Result "1-0"]
[ICCResult "Black resigns"]
[WhiteElo "1691"]
[BlackElo "1484"]
[Opening "Bishop's opening: Berlin defense"]
[ECO "C24"]
[NIC "IG.04"]
[Time "12:00:36"]
[PlyCount "141"]
[TimeControl "1800+10"]

1. e4 e5 2. Bc4 Nf6 3. Qf3 Nc6 4. Ne2 Bc5 5. d3 h6 6. Nbc3 d6 7. O-O Bg4 8.
Qg3 g5 9. Be3 Nd4 10. Nxd4 exd4 11. Nd5 dxe3 12. Nxf6+ Qxf6 13. Qxg4 exf2+
14. Kh1 h5 15. Qe2 g4 16. c3 g3 17. Qf3 Qxf3 18. gxf3 h4 19. d4 Bb6 20. Kg2
Rg8 21. hxg3 hxg3 22. Rh1 Ke7 23. Rh3 c6 24. Rxg3 Rxg3+ 25. Kxg3 Rh8 26. Rf1
Bc7 27. Bd3 d5+ 28. e5 f6 29. f4 fxe5 30. fxe5 c5 31. Rxf2 cxd4 32. cxd4 Bb6
33. Rf4 Rg8+ 34. Kf2 Rh8 35. Ke3 Rh3+ 36. Kd2 Ba5+ 37. Kc2 Rh2+ 38. Kb3 Bd2
39. Rg4 Bc1 40. Bc2 Kf7 41. Bg6+ Ke7 42. Bc2 Kf7 43. Rg3 a5 44. a4 Rh4 45.
Kc3 b6 46. Bb3 Ke6 47. Rg6+ Kf7 48. Rf6+ Ke7 49. Rxb6 Be3 50. Rb5 Bxd4+ 51.
Kd3 Bxe5 52. Rxd5 Bxb2 53. Rxa5 Rh3+ 54. Kc2 Bd4 55. Rb5 Rc3+ 56. Kb1 Rc7
57. Ka2 Ra7 58. Ka3 Kd6 59. Rd5+ Kc7 60. Rxd4 Kb6 61. Rd5 Kc6 62. Rb5 Ra6
63. Bd5+ Kd6 64. Kb4 Ra7 65. a5 Kc7 66. Rb6 Kc8 67. Kb5 Kc7 68. a6 Kc8 69.
Rb7 Ra8 70. Kb6 Kd8 71. a7 {Black resigns} 1-0

[Event "ICC tourney 2941 (30 10)"]
[Site "Internet Chess Club"]
[Date "2022.06.18"]
[Round "1"]
[White "SAPRU, AGASTYA:auggie29"]
[Black "LEONG, GEE:geeleong"]
[Result "1-0"]
[ICCResult "Black resigns"]
[WhiteElo "1518"]
[BlackElo "1697"]
[Opening "English: symmetrical variation"]
[ECO "A16"]
[NIC "EO.64"]
[Time "12:01:16"]
[PlyCount "97"]
[TimeControl "1800+10"]

1. c4 Nf6 2. Nc3 c5 3. g3 Nc6 4. e4 d6 5. d3 g6 6. Bg2 Bg7 7. Nge2 Bd7 8. h3
a6 9. O-O Qc8 10. Kh2 O-O 11. f4 e5 12. Qe1 Ne8 13. g4 exf4 14. Bxf4 Ne5 15.
Qd2 Qd8 16. Nd5 Rb8 17. Rad1 b5 18. b3 a5 19. Kh1 a4 20. Nec3 bxc4 21. bxc4
Qh4 22. Bg5 Qg3 23. Ne2 Nxc4 24. Nxg3 Nxd2 25. Rxd2 f6 26. Be3 a3 27. Ne2
Be6 28. Nec3 Rf7 29. Rb1 Rfb7 30. Rdd1 Bxd5 31. exd5 f5 32. Rxb7 Rxb7 33.
Nb1 fxg4 34. hxg4 Nf6 35. Bf3 Rb2 36. Nxa3 Nd7 37. Nc4 Rxa2 38. Nxd6 Ne5 39.
Bg2 Nxg4 40. Bxc5 Bf8 41. Rf1 Bxd6 42. Bxd6 Nf2+ 43. Kg1 Nxd3 44. Rd1 Ra6
45. Bg3 Nb2 46. Rd2 Nc4 47. Rd4 Ne3 48. d6 Nxg2 49. Kxg2 {Black resigns} 1-0

[Event "ICC tourney 2941 (30 10)"]
[Site "Internet Chess Club"]
[Date "2022.06.18"]
[Round "1"]
[White "JIMENEZ, LUIS A:eltuna"]
[Black "PEREZ GONZALEZ, DAVID ALBERTO:Davidorcinus"]
[Result "1-0"]
[ICCResult "Black resigns"]
[WhiteElo "1433"]
[BlackElo "1650"]
[Opening "Dutch, 2.Bg5 variation"]
[ECO "A80"]
[NIC "HD.12"]
[Time "12:00:35"]
[PlyCount "129"]
[TimeControl "1800+10"]

1. d4 f5 2. Bg5 h6 3. Bh4 Nf6 4. Bxf6 exf6 5. e3 d5 6. Qh5+ Ke7 7. c4 c6 8.
Bd3 g5 9. Nc3 Be6 10. cxd5 cxd5 11. h4 Qe8 12. hxg5 fxg5 13. Qf3 Qd7 14.
Nge2 Bg7 15. Ng3 Rf8 16. Qh5 Qe8 17. Qxe8+ Kxe8 18. Nh5 Bh8 19. f4 Nc6 20.
Na4 Nb4 21. Bb5+ Ke7 22. Kd2 a6 23. Be2 b5 24. Nc5 Nc6 25. Rac1 Rfc8 26. a3
Na5 27. Rc3 Rxc5 28. Rxc5 Nb3+ 29. Kc2 Nxc5 30. dxc5 d4 31. exd4 Bxd4 32.
fxg5 hxg5 33. Ng3 Bxc5 34. Bd3 Rf8 35. Rh7+ Kf6 36. Rh1 Bf2 37. Nh5+ Ke7 38.
Rf1 Be3 39. Ng3 Rc8+ 40. Kb1 f4 41. Nf5+ Bxf5 42. Bxf5 Rc5 43. Be4 Ke6 44.
Re1 a5 45. Bf3 Kf5 46. Rd1 g4 47. Rd5+ Rxd5 48. Bxd5 b4 49. axb4 axb4 50.
Kc2 Kg5 51. Kd3 Kh4 52. Kc4 Bd2 53. b3 Kg3 54. Kd3 f3 55. gxf3 gxf3 56. Kxd2
Kf2 57. Kd3 Kg3 58. Bxf3 Kxf3 59. Kc4 Ke4 60. Kxb4 Kd5 61. Kb5 Kd6 62. Kb6
Kd7 63. b4 Kc8 64. Ka7 Kc7 65. b5 {Black resigns} 1-0

[Event "ICC tourney 2941 (30 10)"]
[Site "Internet Chess Club"]
[Date "2022.06.18"]
[Round "2"]
[White "Berkshire, Ryan Irvin:RyanBerkshireW"]
[Black "LEONG, GEE:geeleong"]
[Result "1-0"]
[ICCResult "Black resigns"]
[WhiteElo "1573"]
[BlackElo "1697"]
[Opening "Scandinavian defense"]
[ECO "B01"]
[NIC "SD.03"]
[Time "14:00:49"]
[PlyCount "46"]
[TimeControl "1800+10"]

1. e4 d5 2. exd5 Nf6 3. Nc3 Nxd5 4. Nxd5 Qxd5 5. d4 c6 6. Nf3 Bg4 7. Be2 e6
8. c4 Qd8 9. O-O Bd6 10. Qb3 Qc7 11. h3 h5 12. c5 Be7 13. hxg4 hxg4 14. Ne5
Nd7 15. Bf4 Qd8 16. Qxb7 Nxe5 17. dxe5 Rb8 18. Qxc6+ Kf8 19. Rfd1 Qa5 20.
Bd2 Qxc5 21. Qxc5 Bxc5 22. Bc3 g3 23. Bd4 gxf2+ {Black resigns} 1-0

[Event "ICC tourney 2941 (30 10)"]
[Site "Internet Chess Club"]
[Date "2022.06.18"]
[Round "2"]
[White "MOHAMMAD, SRUSH:Bruv"]
[Black "WANG, ALAN:alanwangmd"]
[Result "1-0"]
[ICCResult "Black resigns"]
[WhiteElo "1418"]
[BlackElo "1217"]
[Opening "Hungarian defense"]
[ECO "C50"]
[NIC "IG.03"]
[Time "14:00:36"]
[PlyCount "77"]
[TimeControl "1800+10"]

1. e4 e5 2. Nf3 Nc6 3. Bc4 Be7 4. d3 Nf6 5. c3 O-O 6. Bb3 d5 7. Qe2 a5 8.
Bc2 Bg4 9. Nbd2 d4 10. Nf1 Bc5 11. h3 Bh5 12. Ng3 Bxf3 13. Qxf3 Qd6 14. Nf5
Qd7 15. Bg5 Ne8 16. Qg4 Qe6 17. Bb3 Qg6 18. Nh4 Qd6 19. Rd1 Nf6 20. Qf3 Ne7
21. O-O a4 22. Bc4 c6 23. a3 b5 24. Ba2 dxc3 25. bxc3 Ng6 26. Nf5 Qd7 27.
Nh6+ gxh6 28. Bxf6 Be7 29. d4 Bxf6 30. Qxf6 Qe7 31. Qxe7 Nxe7 32. dxe5 Ng6
33. e6 fxe6 34. Bxe6+ Kg7 35. Rd6 Ne7 36. Rfd1 Kf6 37. Bd7+ Ke5 38. Rxh6
Kxe4 39. Re1+ {Black resigns} 1-0

[Event "ICC tourney 2941 (30 10)"]
[Site "Internet Chess Club"]
[Date "2022.06.18"]
[Round "2"]
[White "SIEGEL, MARC SETH:DEEEFENDER"]
[Black "Mason, Mike W:MikeWMason"]
[Result "1-0"]
[ICCResult "Black resigns"]
[WhiteElo "1627"]
[BlackElo "1555"]
[Opening "Sicilian: Najdorf, 6.f4"]
[ECO "B93"]
[NIC "SI.12"]
[Time "14:01:22"]
[PlyCount "59"]
[TimeControl "1800+10"]

1. e4 c5 2. Nf3 d6 3. d4 cxd4 4. Nxd4 Nf6 5. Nc3 a6 6. Be3 Ng4 7. Bc1 Nf6 8.
f4 e5 9. Nf3 Nc6 10. fxe5 Nxe5 11. Nxe5 dxe5 12. Qxd8+ Kxd8 13. Bg5 Be6 14.
O-O-O+ Kc7 15. Bxf6 gxf6 16. Nd5+ Bxd5 17. Rxd5 Bh6+ 18. Kb1 Rhg8 19. g3
Rad8 20. Bc4 Rd7 21. Rxd7+ Kxd7 22. Bxf7 Rb8 23. Rd1+ Ke7 24. Bd5 Rd8 25.
Rd3 b6 26. c4 Rd6 27. b4 Kd7 28. c5 bxc5 29. bxc5 Rxd5 30. exd5 {Black
resigns} 1-0

[Event "ICC tourney 2941 (30 10)"]
[Site "Internet Chess Club"]
[Date "2022.06.18"]
[Round "2"]
[White "CUDMORE, B ANDREW:rootbeerplus200"]
[Black "SAPRU, AGASTYA:auggie29"]
[Result "1-0"]
[ICCResult "Black checkmated"]
[WhiteElo "1565"]
[BlackElo "1518"]
[Opening "Sicilian: Grand Prix attack"]
[ECO "B21"]
[NIC "SI.48"]
[Time "14:00:52"]
[PlyCount "117"]
[TimeControl "1800+10"]

1. e4 c5 2. f4 Nc6 3. c3 e6 4. Nf3 d5 5. e5 g6 6. Be2 Bg7 7. O-O Nge7 8. g4
O-O 9. Qe1 d4 10. d3 Qc7 11. c4 f6 12. exf6 Bxf6 13. Qg3 Bd7 14. h4 h6 15.
Nbd2 g5 16. hxg5 hxg5 17. Ne4 Ng6 18. Nfxg5 Bxg5 19. Nxg5 Kg7 20. Ne4 b6 21.
Bd2 Nce7 22. Rae1 Rae8 23. Rf2 Ng8 24. Ref1 Nf6 25. Bf3 e5 26. Nxf6 Rxf6 27.
f5 Nf4 28. Be4 Bc6 29. Bxc6 Qxc6 30. Bxf4 exf4 31. Qxf4 Rh8 32. Rg2 Rhf8 33.
Qg5+ Kf7 34. Re1 Rg8 35. Qh5+ Kf8 36. Rge2 Rh6 37. Re8+ Kg7 38. Qg5+ Rg6 39.
Rxg8+ Kxg8 40. Qxg6+ Qxg6 41. fxg6 Kg7 42. Re6 Kg8 43. g5 a6 44. a4 a5 45.
Rxb6 Kg7 46. Kf2 Kg8 47. Kg3 Kg7 48. Kf4 Kf8 49. Kf5 Kg7 50. Rb5 Kf8 51.
Rxa5 Ke8 52. Rxc5 Kd7 53. b4 Ke7 54. a5 Kd7 55. a6 Ke7 56. a7 Kd7 57. a8=Q
Ke7 58. Qb7+ Kd6 59. Rd5# {Black checkmated} 1-0

[Event "ICC tourney 2941 (30 10)"]
[Site "Internet Chess Club"]
[Date "2022.06.18"]
[Round "2"]
[White "SKARIAH, ANUSHKA ELIZABETH:kskariah"]
[Black "JIMENEZ, LUIS A:eltuna"]
[Result "1-0"]
[ICCResult "Black resigns"]
[WhiteElo "1559"]
[BlackElo "1433"]
[Opening "Caro-Kann: exchange variation"]
[ECO "B13"]
[NIC "CK.02"]
[Time "14:00:28"]
[PlyCount "83"]
[TimeControl "1800+10"]

1. e4 c6 2. d4 d5 3. exd5 cxd5 4. Bd3 Nc6 5. c3 Nf6 6. h3 e5 7. dxe5 Nxe5 8.
Qe2 Qe7 9. Bc2 Bd7 10. Nd2 g6 11. Ngf3 Nxf3+ 12. Nxf3 Qxe2+ 13. Kxe2 Bg7 14.
Re1 O-O 15. Kf1 Rfe8 16. Bf4 Ne4 17. Rad1 Bc6 18. Nd4 Rad8 19. Nxc6 bxc6 20.
Bxe4 dxe4 21. Rxd8 Rxd8 22. Rxe4 Kf8 23. Ke2 Rd5 24. Rc4 Ra5 25. a3 Ra6 26.
Be3 Ke7 27. Rb4 Ke6 28. Rb7 Be5 29. Rxa7 Rxa7 30. Bxa7 Kd5 31. Kd3 c5 32.
c4+ Kc6 33. b4 Bb2 34. Bxc5 Bxa3 35. Ke4 Bb2 36. g4 f6 37. Bd4 Ba3 38. b5+
Kd6 39. Bxf6 Kc5 40. Be7+ Kxc4 41. Bxa3 Kxb5 42. f4 {Black resigns} 1-0

[Event "ICC tourney 2941 (30 10)"]
[Site "Internet Chess Club"]
[Date "2022.06.18"]
[Round "2"]
[White "Anthony, Joseph:ajk170378"]
[Black "GRIFFIN, MILES NATHANIEL:Vectarious"]
[Result "1-0"]
[ICCResult "Black checkmated"]
[WhiteElo "1534"]
[BlackElo "1648"]
[Opening "Ruy Lopez: Morphy defense"]
[ECO "C77"]
[NIC "RL.12"]
[Time "14:00:29"]
[PlyCount "75"]
[TimeControl "1800+10"]

1. e4 e5 2. Nf3 Nc6 3. Bb5 a6 4. Ba4 Nf6 5. d4 exd4 6. e5 Qe7 7. O-O Nd5 8.
Re1 h6 9. Nxd4 Qb4 10. c3 Qb6 11. Be3 Nxe3 12. Rxe3 Bc5 13. Re4 Qxb2 14. Nd2
Qb6 15. Rb1 Qa7 16. N2f3 O-O 17. Qd3 Bxd4 18. Nxd4 Nxd4 19. cxd4 d5 20. Re3
g6 21. Rg3 Kh7 22. Re1 Bf5 23. Qe3 Rac8 24. Rc1 Qb6 25. Bb3 Be6 26. Rc5 Qb4
27. h4 b6 28. Rc6 Bd7 29. Rf6 Be6 30. h5 Rg8 31. hxg6+ fxg6 32. Rxe6 c5 33.
Rh3 Rg7 34. Qxh6+ Kg8 35. Qh8+ Kf7 36. Qxc8 Qe1+ 37. Kh2 Qxf2 38. Qe8#
{Black checkmated}
1-0

[Event "ICC tourney 2941 (30 10)"]
[Site "Internet Chess Club"]
[Date "2022.06.18"]
[Round "2"]
[White "SULTAN, BASHIR Cisse:muzikmixer"]
[Black "Dungi, Santosh:santoshroopak"]
[Result "0-1"]
[ICCResult "White resigns"]
[WhiteElo "1545"]
[BlackElo "1691"]
[Opening "English opening"]
[ECO "A17"]
[NIC "EO.64"]
[Time "14:00:32"]
[PlyCount "88"]
[TimeControl "1800+10"]

1. c4 Nf6 2. Nc3 e6 3. Nf3 d5 4. e3 Be7 5. b3 b6 6. cxd5 exd5 7. Bb2 O-O 8.
d4 Bb7 9. Bd3 Nbd7 10. O-O Rc8 11. Ne5 c5 12. Bf5 cxd4 13. exd4 Bd6 14. Re1
a6 15. Qf3 Re8 16. Qh3 Nxe5 17. dxe5 Bxe5 18. Bxc8 Bxc8 19. Qh4 Qd6 20. Na4
d4 21. Rad1 b5 22. Bxd4 bxa4 23. Bxe5 Rxe5 24. f4 Rd5 25. Rxd5 Qxd5 26. Qf2
axb3 27. Qe3 Be6 28. axb3 Qxb3 29. Qxb3 Bxb3 30. Rb1 Ba4 31. Rb8+ Ne8 32.
Kf2 g6 33. Ke3 Kg7 34. Kd4 Nd6 35. Rb6 Nf5+ 36. Ke5 Bb5 37. g4 Ne3 38. Kd4
Nxg4 39. h3 Nf6 40. Rb7 Nd7 41. Ra7 Kf6 42. Ke3 h5 43. h4 Kf5 44. Ra8 Kg4
{White resigns}
0-1

[Event "ICC tourney 2941 (30 10)"]
[Site "Internet Chess Club"]
[Date "2022.06.18"]
[Round "2"]
[White "PEREZ GONZALEZ, DAVID ALBERTO:Davidorcinus"]
[Black "HAMLETT, JAMES MORRISON:Hamlett144"]
[Result "1-0"]
[ICCResult "Black resigns"]
[WhiteElo "1650"]
[BlackElo "1249"]
[Opening "French: Tarrasch, closed variation"]
[ECO "C05"]
[NIC "FR.16"]
[Time "14:00:48"]
[PlyCount "61"]
[TimeControl "1800+10"]

1. e4 e6 2. d4 d5 3. Nd2 Nf6 4. e5 Nfd7 5. f4 c5 6. c3 Nc6 7. Ngf3 cxd4 8.
cxd4 Qb6 9. Nb3 Bb4+ 10. Bd2 Nf8 11. Bd3 Bd7 12. O-O Bxd2 13. Qxd2 Ng6 14.
Rac1 O-O 15. Nc5 Rad8 16. f5 exf5 17. Nxd7 Rxd7 18. Bxf5 Re7 19. Kh1 Rc7 20.
Bb1 Nce7 21. Rxc7 Qxc7 22. h4 h6 23. h5 Nh8 24. Qd3 g6 25. Qe3 Kh7 26. Nh4
Qc8 27. Qf4 Kg7 28. Qf6+ Kg8 29. Qxe7 Qg4 30. hxg6 Nxg6 31. Nxg6 {Black
resigns} 1-0

[Event "ICC tourney 2941 (30 10)"]
[Site "Internet Chess Club"]
[Date "2022.06.18"]
[Round "2"]
[White "WU, DARREN:chessboy111"]
[Black "LIN, LEIA:K05-17110828"]
[Result "1/2-1/2"]
[ICCResult "Game drawn because neither player has mating material"]
[WhiteElo "1173"]
[BlackElo "1268"]
[Opening "Sicilian: closed"]
[ECO "B24"]
[NIC "SI.44"]
[Time "14:00:32"]
[PlyCount "134"]
[TimeControl "1800+10"]

1. e4 c5 2. Nc3 Nc6 3. g3 e6 4. Bg2 Nf6 5. d3 h6 6. Nge2 d5 7. exd5 exd5 8.
d4 Be6 9. O-O Be7 10. h3 O-O 11. Be3 cxd4 12. Nxd4 Nxd4 13. Qxd4 Qd7 14. g4
Rfd8 15. Rad1 a6 16. Rd2 Rac8 17. Rfd1 Bc5 18. Qd3 Bxe3 19. fxe3 Qc6 20. Qe2
Rd7 21. Rd4 Rcd8 22. R1d2 Qc5 23. Qd1 Qa5 24. b4 Qc7 25. R2d3 Qc6 26. Qe2
Qc7 27. Qf3 Qc6 28. Qf4 Qb6 29. Qe5 Qd6 30. Qxd6 Rxd6 31. Kf2 Kf8 32. Kf3
Ke7 33. Ke2 R8d7 34. Kd1 Kd8 35. e4 dxe4 36. Rxd6 exd3 37. Rxd7+ Kxd7 38.
Bxb7 dxc2+ 39. Kxc2 Bc4 40. a4 Kc7 41. Bf3 Kb6 42. Kb2 Nd7 43. Nd5+ Ka7 44.
Kc3 Bf1 45. h4 Ne5 46. Bd1 Kb7 47. Kd4 Nc6+ 48. Kc5 Bg2 49. Ne3 Be4 50. Nc4
Kc7 51. Nd6 Bg6 52. h5 Bd3 53. Nxf7 Bf1 54. g5 hxg5 55. Nxg5 Nd8 56. Bb3 Be2
57. Ne6+ Nxe6+ 58. Bxe6 Bxh5 59. b5 axb5 60. axb5 g5 61. b6+ Kb8 62. Bd5 Be2
63. b7 g4 64. Kd4 Bf3 65. Bxf3 gxf3 66. Ke3 f2 67. Kxf2 Kxb7
{Game drawn because neither player has mating material}
1/2-1/2

[Event "ICC tourney 2941 (30 10)"]
[Site "Internet Chess Club"]
[Date "2022.06.18"]
[Round "2"]
[White "Relan, Mihir:mihirrelan15"]
[Black "LaRosa, Peyton Stevenson:MarchManetee"]
[Result "0-1"]
[ICCResult "White resigns"]
[WhiteElo "1484"]
[BlackElo "1219"]
[Opening "Robatsch defense: Pseudo-Austrian attack"]
[ECO "B06"]
[NIC "PU.05"]
[Time "14:00:30"]
[PlyCount "114"]
[TimeControl "1800+10"]

1. e4 g6 2. d4 Bg7 3. Nc3 d6 4. f4 Nf6 5. e5 dxe5 6. fxe5 Nd5 7. Bc4 Nxc3 8.
bxc3 O-O 9. Nf3 Bg4 10. h3 Bxf3 11. Qxf3 Nc6 12. O-O e6 13. Qg4 Ne7 14. Bg5
h6 15. Bf6 Qd7 16. Rad1 Nd5 17. Bxd5 Qxd5 18. Qf4 Qxa2 19. Bxg7 Kxg7 20.
Qf6+ Kg8 21. Rd2 Qb2 22. Rd3 Qxc2 23. Rg3 a5 24. h4 h5 25. d5 Rae8 26. Qg5
exd5 27. Qxh5 Qe4 28. Qh6 Qxe5 29. Rh3 Qg7 30. Qf4 c6 31. h5 Re6 32. h6 Qe5
33. h7+ Kh8 34. Qh6 Qg7 35. Qf4 Re5 36. g4 Re4 37. Qf3 b5 38. Rf2 a4 39. Kg2
a3 40. c4 b4 41. cxd5 cxd5 42. Qb3 Rxg4+ 43. Rg3 Rxg3+ 44. Qxg3 Qxh7 45.
Qe5+ Qg7 46. Qxd5 Qc3 47. Rxf7 Rxf7 48. Qxf7 Qc2+ 49. Kg3 Qd3+ 50. Kg2 Qe4+
51. Kg3 Qe5+ 52. Kg2 b3 53. Qf8+ Kh7 54. Qf7+ Qg7 55. Qf3 Qb2+ 56. Kg3 Qe5+
57. Kg2 Qg5+ {White resigns} 0-1

[Event "ICC tourney 2941 (30 10)"]
[Site "Internet Chess Club"]
[Date "2022.06.18"]
[Round "2"]
[White "BRUDNO, STEPHEN:StevChess01"]
[Black "LOPEZ, FRANCISCO JAVIER:steinutz"]
[Result "1-0"]
[ICCResult "Black checkmated"]
[WhiteElo "1532"]
[BlackElo "1621"]
[Opening "QGD: exchange, positional line"]
[ECO "D35"]
[NIC "QO.16"]
[Time "14:00:33"]
[PlyCount "143"]
[TimeControl "1800+10"]

1. d4 d5 2. c4 e6 3. Nc3 Nf6 4. cxd5 exd5 5. Bg5 Be7 6. e3 c6 7. Bd3 Nbd7 8.
Qc2 h6 9. Bh4 Nb6 10. Nge2 Be6 11. O-O O-O 12. b3 Kh8 13. Kh1 Rc8 14. Rad1
Ng4 15. Bxe7 Qxe7 16. h3 Qh4 17. Kg1 Nf6 18. Nf4 Nfd7 19. Qe2 Rce8 20. Qf3
Qe7 21. Qe2 Nf6 22. Qc2 Bc8 23. Nfe2 Nh5 24. Kh2 Qd6+ 25. Kh1 f5 26. Qd2 Re7
27. Nf4 Nxf4 28. exf4 Rfe8 29. g3 Qf6 30. Ne2 Be6 31. Bb1 Nc8 32. Ng1 Bf7
33. Kg2 Nd6 34. f3 Bg6 35. Kf2 Nb5 36. a4 Nd6 37. Rfe1 Rxe1 38. Rxe1 Rxe1
39. Kxe1 Qe7+ 40. Kf2 Kg8 41. Qe3 Qxe3+ 42. Kxe3 Kf7 43. Ne2 Kf6 44. Nc1 Be8
45. Nd3 Nf7 46. Ne5 Nd6 47. Bd3 g5 48. fxg5+ hxg5 49. f4 Ne4 50. Bxe4 fxe4
51. fxg5+ Kxg5 52. h4+ Kf5 53. g4+ Kf6 54. Kf4 a5 55. h5 b5 56. g5+ Kg7 57.
h6+ Kg8 58. g6 bxa4 59. bxa4 c5 60. dxc5 Bxa4 61. c6 Bb5 62. c7 Ba6 63. Nc6
a4 64. Ne7+ Kf8 65. g7+ Kxe7 66. g8=Q Kd6 67. c8=Q Bxc8 68. Qxc8 e3 69. Kxe3
Ke5 70. h7 a3 71. h8=Q+ Kd6 72. Qf6# {Black checkmated} 1-0